 Dungeon Crawl Stone Soup version 0.26.0-91-g99b343417d (webtiles) character file.

Game seed: 14688880780218576451

2706 jlumianski the Chopper (level 9, -10/80 HPs)
             Began as a Palentonga Fighter on Feb 3, 2021.
             Was a Believer of Okawaru.
             Shot with an arrow by a centaur warrior (15 damage)
             ... on level 8 of the Dungeon.
             The game lasted 00:34:41 (9375 turns).

jlumianski the Chopper (Palentonga Fighter)         Turns: 9375, Time: 00:34:42

Health: -10/80     AC: 18    Str: 22    XL:     9   Next: 39%
Magic:  1/10       EV:  7    Int: 19    God:    Okawaru [**....]
Gold:   91         SH: 10    Dex: 10    Spells: 8/8 levels left

rFire    + . .     SeeInvis +   a - +0 war axe
rCold    . . .     Faith    .   c - +0 kite shield
rNeg     . . .     Spirit   .   b - +0 scale mail
rPois    .         Reflect  .   A - +0 helmet (curse)
rElec    .         Harm     .   C - +0 cloak "Doxeoxta" {rF+ Int+4 Slay+3} (curse)
rCorr    +         Rampage  .   I - +0 pair of gloves
Will     .....                  (no barding)
Stlth    ..........             (no amulet)
HPRegen  0.23/turn              e - +6 ring of intelligence
MPRegen  0.12/turn              y - ring of resist corrosion

@: curled up
A: large, rugged brown scales 3, see invisible, deformed body, roll 1, armoured
tail, reflexive curl
a: Rolling Charge, Renounce Religion, Heroism


You were on level 8 of the Dungeon.
You worshipped Okawaru.
Okawaru was pleased with you.
You visited 2 branches of the dungeon, and saw 10 of its levels.
You also visited: Sewer.

You collected 352 gold pieces.
You spent 261 gold pieces at shops.

Inventory:

Hand Weapons
 a - a +0 war axe (weapon)
 q - a +2 vorpal scimitar
 u - a +3 flail
Missiles
 h - 272 stones
 m - 23 poisoned darts (quivered)
 H - 14 boomerangs
Armour
 b - a +0 scale mail (worn)
 c - a +0 kite shield (worn)
 f - a +2 leather armour of poison resistance
 i - the +0 ring mail of Wrong Decisions {+Inv rC+ Str+2 Int-5}
   (You found it on level 8 of the Dungeon)

   It affects your strength (+2).
   It affects your intelligence (-5).
   It protects you from cold.
   It lets you turn invisible.
 j - a +0 chain mail
 l - a +0 cloak
 t - a +0 chain mail
 v - a +0 plate armour
 A - a cursed +0 helmet (worn)
 C - the cursed +0 cloak "Doxeoxta" (worn) {rF+ Int+4 Slay+3}
   (You bought it in a shop on level 6 of the Dungeon)

   It affects your intelligence (+4).
   It affects your accuracy and damage with ranged weapons and melee attacks
   (+3).
   It protects you from fire.
   It has a curse placed upon it.
 I - a +0 pair of gloves (worn)
 M - the cursed +1 leather armour of Temperance {Int+4 Dex+8}
   (You found it on level 7 of the Dungeon)

   It affects your intelligence (+4).
   It affects your dexterity (+8).
   It has a curse placed upon it.
Jewellery
 e - a +6 ring of intelligence (left hand)
 y - a ring of resist corrosion (right hand)
 z - an uncursed ring of wizardry
Wands
 E - a wand of acid (34)
 F - a wand of polymorph (8)
 L - a wand of random effects (18)
 O - a wand of flame (13)
Scrolls
 g - a scroll of holy word {unknown}
 o - 6 scrolls of identify
 p - 4 scrolls of teleportation
 r - 2 scrolls of fear
 w - a scroll of fog
 x - a scroll of enchant armour {unknown}
 N - 2 scrolls of remove curse
Potions
 d - a potion of might
 k - a potion of flight
 n - a potion of ambrosia {unknown}
 s - a potion of resistance {unknown}
 B - a potion of degeneration
 D - a potion of magic {unknown}
 G - a potion of invisibility {unknown}
 J - a potion of attraction {unknown}
 K - a potion of berserk rage {unknown}


   Skills:
 + Level 5.8 Fighting
 + Level 7.6 Axes
 + Level 5.0 Armour
 + Level 2.6 Dodging
 - Level 0.5 Stealth
 + Level 5.0 Shields
 * Level 1.7 Invocations
 * Level 3.1 Evocations


You had 8 spell levels left.
You didn't know any spells.
Your spell library contained the following spells:

 Spells                   Type           Power        Failure   Level
 Magic Dart               Conj           0%           77%         1
 Searing Ray              Conj           0%           88%         2
 Dazzling Flash           Conj/Hex       0%           98%         3
 Fulminant Prism          Conj/Hex       0%           100%        4
 Iskenderun's Mystic Bla  Conj/Tloc      0%           100%        4


Dungeon Overview and Level Annotations

Branches:
Dungeon (9/15)             Temple (1/1) D:7           Sewer (visited)
   Lair: D:8-11         Orc: D:9-12

Altars:
Ashenzari
Cheibriados
Dithmenos
Elyvilon
Fedhas
Gozag
Makhleb
Nemelex Xobeh
Okawaru
Qazlal
Ru
Sif Muna
Uskayaw
Vehumet
Wu Jian
Yredelemnul
Zin

Shops:
D:4 (   D:6 :([(*   D:8 =[*?

Annotations:
D:8 3 runed translucent doors, Erica; rozman's ghost, novice DrBe


Innate Abilities, Weirdness & Mutations

You are completely covered in rugged brown scales. (AC +3, +7% HP)
You have supernaturally acute eyesight. (SInv)
Armour fits poorly on your strangely shaped body.
You can roll at nearby foes to attack.
You have a long armoured tail.
You curl defensively after being hit.


Message History

The phantom hits you but does no damage.
The centaur warrior wields a +0 shortbow.
The centaur warrior shoots an arrow.
The arrow hits you! The phantom completely misses you.
You hit the phantom but do no damage.
The phantom is moderately damaged.
The centaur warrior shoots an arrow.
The arrow hits you!!
* * * LOW HITPOINT WARNING * * *
You block the phantom's attack.
Okay, then.
The centaur warrior shoots an arrow.
The arrow barely misses you. You block the phantom's attack.
The centaur warrior shoots an arrow.
The arrow hits you.
* * * LOW HITPOINT WARNING * * *
You see here an arrow.
The centaur warrior shoots an arrow.
The arrow hits you!
* * * LOW HITPOINT WARNING * * *
You see here an arrow.
The centaur warrior shoots an arrow.
The arrow hits you!
You die...

#.♣♣♣.♣♣.♣)♣.≈≈≈.♣.♣.♣♣♣♣.♣♣#.##
..♣.♣(.......≈≈≈.........♣.....#
#.♣.♣(♣♣.♣.♣.≈≈≈.♣.♣.♣♣♣♣.♣♣#..#
#..z..# ♣ ♣♣...♣♣♣♣♣♣ ♣.♣ #..##
####### #♣.♣# ### #.... # ♣♣.♣
###.. ♣♣..♣♣ #.... ♣....♣♣ #.###
♣..♣♣.@♣♣ #.# # ♣..♣ ♣♣.(♣♣
#.#.# # ♣..♣ ♣♣W(♣♣ ..##.### #
♣.. ♣♣..♣♣##$G.##.#.. ♣♣
♣♣.cF.F$8$.#.#.# ♣.n♣##YJ$##.#..
♣..♣♣ O.##.... ♣..♣♣ #.#....
♣..♣ #.###


You could see a centaur warrior, a phantom, a necrophage and a bullfrog.

Vanquished Creatures
  A hornet (D:9)
  An orc warrior (D:8)
  A black bear (D:8)
  4 centaurs
  2 ogres
  A big kobold (Sewer)
  4 bullfrogs
  4 wights
  5 killer bees
  A quasit (D:7)
  2 hounds
  3 jellies
  A gnoll shaman (D:6)
  4 orc priests
  A bullfrog skeleton (D:8)
  A centaur skeleton (D:6)
  5 orc wizards
  4 worker ants
  A killer bee zombie (D:7)
  A hound zombie (D:7)
  A hound skeleton (D:6)
  A worker ant zombie (D:5)
  8 gnolls
  A howler monkey skeleton (D:8)
  A river rat (Sewer)
  11 adders
  2 white imps (D:5)
  3 ufetubi
  2 oozes (D:5)
  2 adder skeletons
  A worm (D:3)
  2 dart slugs
  13 leopard geckos
  36 orcs
  2 ball pythons
  8 giant cockroaches
  5 goblins
  11 hobgoblins
  11 jackals
  10 kobolds
  3 quokkas
  8 bats
  9 frilled lizards
  A jackal skeleton (D:4)
  A jackal zombie (D:7)
  A leopard gecko skeleton (D:7)
  13 rats
214 creatures vanquished.

Vanquished Creatures (others)
  An orc wizard (D:4)
  3 plants (D:8)
4 creatures vanquished.

Grand Total: 218 creatures vanquished

Notes
Turn   | Place    | Note
-------+----------+-------------------------------------------
     0 | D:1      | jlumianski the Palentonga Fighter began the quest for the
                  | Orb.
     0 | D:1      | Reached XP level 1. HP: 20/20 MP: 1/1
    35 | D:1      | Reached XP level 2. HP: 19/27 MP: 2/2
   347 | D:1      | Reached XP level 3. HP: 33/33 MP: 3/3
  1007 | D:1      | Reached XP level 4. HP: 28/40 MP: 4/4
  1422 | D:3      | Reached skill level 3 in Axes
  1432 | D:3      | Found a glowing drain.
  1446 | Sewer    | Entered a sewer
  1609 | Sewer    | Noticed a big kobold
  1617 | Sewer    | Reached XP level 5. HP: 39/49 MP: 5/5
  1657 | Sewer    | Found a white marble altar of Elyvilon.
  1871 | D:3      | Found a basalt altar of Yredelemnul.
  2269 | D:1      | Reached skill level 1 in Dodging
  2549 | D:2      | Found a broken altar of Ashenzari.
  2586 | D:2      | Reached XP level 6. HP: 55/55 MP: 6/6
  3641 | D:4      | Found Reawkifu's Weapon Shoppe.
  3675 | D:5      | Entered Level 5 of the Dungeon
  3749 | D:4      | Reached skill level 4 in Axes
  3769 | D:4      | Found a faded altar of an unknown god.
  3769 | D:4      | Found an opulent altar of Gozag.
  3783 | D:4      | Found a burning altar of Makhleb.
  3786 | D:4      | Found a snail-covered altar of Cheibriados.
  3788 | D:4      | Found a faded altar of an unknown god.
  4494 | D:4      | Gained mutation: You curl defensively after being hit.
                  | [Palentonga growth]
  4494 | D:4      | Reached XP level 7. HP: 9/64 MP: 7/7
  5328 | D:5      | Found a stormy altar of Qazlal.
  5346 | D:5      | Reached skill level 5 in Axes
  5606 | D:6      | Reached skill level 5 in Fighting
  6040 | D:5      | Reached XP level 8. HP: 34/72 MP: 8/8
  6425 | D:5      | Found a hide-covered altar of Uskayaw.
  6552 | D:6      | Found Ikhluosa's Antique Armour Boutique.
  6575 | D:6      | Bought a steaming cloak for 209 gold pieces
  6575 | D:6      | Identified the cursed +0 cloak "Doxeoxta" {rF+ Int+4
                  | Slay+3} (You bought it in a shop on level 6 of the Dungeon)
  6592 | D:6      | Found Agomur's Antique Weapon Shop.
  6614 | D:6      | Found Waamam's Assorted Antiques.
  6670 | D:6      | Bought a scroll of identify for 52 gold pieces
  6856 | D:6      | Found Mov Otuz's Book Shop.
  6869 | D:6      | Found Nobufaap's Antique Weapon Shoppe.
  6899 | D:6      | Reached skill level 6 in Axes
  7116 | D:7      | Found a staircase to the Ecumenical Temple.
  7138 | Temple   | Entered the Ecumenical Temple
  7142 | Temple   | Became a worshipper of Warmaster Okawaru
  7357 | D:8      | Reached skill level 1 in Evocations
  7372 | D:8      | Found Ygrozera's Assorted Antiques.
  7709 | D:7      | Got a scorched leather armour
  7710 | D:7      | Identified the cursed +1 leather armour of Temperance
                  | {Int+4 Dex+8} (You found it on level 7 of the Dungeon)
  7754 | D:8      | Found Badaepp's Jewellery Shop.
  7925 | D:7      | Found an ornate altar of the Wu Jian Council.
  8188 | D:8      | Found Neatz's Armour Emporium.
  8188 | D:8      | Noticed Erica
  8207 | D:7      | Reached * piety under Okawaru
  8215 | D:7      | HP: 3/73 [killer bee (7)]
  8220 | D:7      | Reached skill level 7 in Axes
  8555 | D:8      | Identified the +0 ring mail of Wrong Decisions {+Inv rC+
                  | Str+2 Int-5} (You found it on level 8 of the Dungeon)
  8662 | D:7      | Reached XP level 9. HP: 74/79 MP: 9/9
  8807 | D:8      | Found a runed translucent gate.
  8808 | D:8      | Found a runed translucent gate.
  8808 | D:8      | Found a runed translucent gate.
  8809 | D:8      | Noticed a nine-headed hydra
  8809 | D:8      | Noticed rozman's ghost (novice DrBe)
  8895 | D:8      | Reached skill level 1 in Invocations
  8924 | D:8      | Reached skill level 5 in Armour
  8948 | D:9      | Paralysed by a hornet for 2 turns
  8950 | D:9      | Reached ** piety under Okawaru
  8962 | D:9      | Reached skill level 5 in Shields
  9289 | D:8      | Found Ikuthano's Magic Scroll Emporium.
  9357 | D:8      | Noticed a centaur warrior
  9374 | D:8      | HP: 4/80 [centaur warrior/arrow (14)]
  9375 | D:8      | Shot with an arrow by a centaur warrior

Illustrated notes

Levels and vault maps discovered:
D:1:      dpeg_arrival_solitude, layout_loops_ring
D:2:      layout_rooms, lemuel_crystal_altar
D:3:      layout_basic, lemuel_round_altar, gup_sewer_entry_pipe,
          item_on_display_a
D:4:      layout_rooms, chequers_temple_overflow_minitemple, serial_shops, shop
D:5:      layout_basic, kennysheep_mini_moat, old_standard_altar
D:6:      layout_basic, serial_shops, nicolae_shop_statue_plus, shop,
          nicolae_shop_waterfront, shop, shop
D:7:      layout_basic, nzn_wu_jian_council_hall,
          minmay_temple_entry_sparse_star
D:8:      nzn_winding_woodlands_large [nzn_winding_woodlands_5x5_cross,
          nzn_winding_woodlands_5x15_pool, nzn_winding_woodlands_5x5_three,
          nzn_winding_woodlands_center_pierced_h,
          nzn_winding_woodlands_15x15_thick_spiral,
          nzn_winding_woodlands_center_triple_pond,
          nzn_winding_woodlands_5x5_open_star,
          nzn_winding_woodlands_5x15_jagged,
          nzn_winding_woodlands_5x5_checkerboard], layout_basic,
          gammafunk_ghost_hydra_chop, serial_shops,
          nicolae_shop_window_shopping, nicolae_shop_trees, shop, shop,
          grunt_ministairs_13, uniq_erica, uniq_maurice
D:9:      layout_loops_ring, regret_index_temple_of_mockery,
          minmay_misc_feat_tiny
Temple:   nicolae_temple_x_marks_the_god

Skill      XL: |  1  2  3  4  5  6  7  8  9 |
---------------+----------------------------+-----
Armour         | 3 4 5 |  5.0
Shields        | 3 4 5 |  5.0
Axes           | 3 4 5 7 |  7.6
Fighting       | 4 5 |  5.8
Dodging        | 1 2 |  2.6
Evocations     | 2 3 |  3.1
Invocations    | 1 |  1.7
Stealth        | |  0.5

Action                   |  1- 3 |  4- 6 |  7- 9 || total
-------------------------+-------+-------+-------++-------
Melee: War axe           |    98 |   265 |   258 ||   621
       Tailslap          |     7 |    28 |    43 ||    78
Throw: Dart              |       |     1 |       ||     1
Invok: Heroism           |       |       |     3 ||     3
 Abil: Rolling Charge    |     7 |    44 |    27 ||    78
Evoke: Wand              |       |       |     1 ||     1
  Use: Scroll            |       |     6 |     6 ||    12
       Potion            |       |     4 |     4 ||     8
Armor: Scale mail        |    47 |   116 |   149 ||   312
Dodge: Dodged            |    30 |    61 |    98 ||   189
Block: Kite shield       |    52 |   152 |   158 ||   362
